 Dungeon Crawl Stone Soup version 0.29.1-2-gbd0b4ee654 (webtiles) character file.

Game seed: 7919223532435864337

14933 hawla the Thaumaturge (level 12, -4/101 HPs)
             Began as a Meteoran Fire Elementalist on Nov 2, 2022.
             Was an Elder of Vehumet.
             Slain by a five-headed hydra (7 damage)
             ... on level 2 of the Lair of Beasts.
             The game lasted 00:29:56 (6095 turns).

hawla the Thaumaturge (Meteoran Fire Elementalist)  Turns: 6095, Time: 00:29:57

Health: -4/101     AC: 10    Str: 10    XL:     12   Next: 86%
Magic:  31/31      EV: 20    Int: 22    God:    Vehumet [****..]
Gold:   539        SH:  0    Dex: 21    Spells: 29/40 levels left

rFire   . . .      SeeInvis .   C - +2 scimitar (flame)
rCold   . . .      Faith    .   (no shield)
rNeg    . . .      Spirit   .   z - +1 steam dragon scales
rPois   .          Reflect  .   n - +1 helmet
rElec   .          Harm     .   (no cloak)
rCorr   .          Rampage  .   (no gloves)
Will    ++...                   h - +1 pair of boots
Stlth   +.........              (no amulet)
HPRegen 0.26/turn               j - +4 ring of evasion
MPRegen 0.22/turn               x - +6 ring of dexterity

@: silenced, glowing
A: sense surroundings 2, otherworldly, glowing, explore regen, fangs 1,
strong-willed 1
a: Renounce Religion


You were on level 2 of the Lair of Beasts.
You worshipped Vehumet.
Vehumet was greatly pleased with you.
You visited 2 branches of the dungeon, and saw 11 of its levels.
You also visited: Ice Cave.

You collected 683 gold pieces.
You spent 144 gold pieces at shops.

Inventory:

Hand Weapons
 C - a +2 scimitar of flaming (weapon)
Armour
 h - a +1 pair of boots (worn)
 n - a +1 helmet (worn)
 z - +1 steam dragon scales (worn)
Jewellery
 j - a +4 ring of evasion (left hand)
 p - a ring of ice
 x - a +6 ring of dexterity (right hand)
 y - a ring of fire
Wands
 a - a wand of charming (13)
 e - a wand of polymorph (22)
 s - a wand of flame (25)
 w - a wand of iceblast (22)
Scrolls
 c - a scroll of identify
 q - 2 scrolls of enchant weapon
 r - a scroll of magic mapping
 t - 4 scrolls of amnesia
Potions
 b - 3 potions of magic
 d - 2 potions of resistance
 f - 4 potions of haste
 g - 3 potions of attraction
 i - 2 potions of brilliance
 l - 2 potions of heal wounds
 m - 4 potions of flight
 o - 3 potions of curing
 u - 2 potions of might


   Skills:
 + Level 7.6 Fighting
 + Level 2.7 Long Blades
 + Level 5.5 Dodging
 - Level 1.4 Stealth
 + Level 14.8 Spellcasting
 + Level 9.8 Conjurations
 + Level 13.0 Fire Magic


You had 29 spell levels left.
You knew the following spells:

 Your Spells              Type           Power      Damage    Failure   Level
a - Foxfire               Conj/Fire      100%       2x1d9     1%          1
b - Scorch                Fire           100%       2d10      1%          2
c - Flame Wave            Conj/Fire      61%        2d14      1%          4
d - Sticky Flame          Conj/Fire      61%        2d8       1%          4

Your spell library contained the following spells:

 Spells                   Type           Power      Damage    Failure   Level
 Fireball                 Conj/Fire      30%        3d13      1%          5
 Magic Dart               Conj           100%       1d8       1%          1
 Searing Ray              Conj           100%       2d8       1%          2
 Conjure Flame            Conj/Fire      61%        6-21      1%          3
 Inner Flame              Hex/Fire       45%        N/A       1%          3
 Fulminant Prism          Conj/Hex       18%        3d11      1%          4
 Summon Small Mammal      Summ           64%        N/A       3%          1
 Call Canine Familiar     Summ           16%        N/A       11%         3
 Gell's Gravitas          Tloc           16%        N/A       11%         3
 Lesser Beckoning         Tloc           16%        N/A       11%         3
 Portal Projectile        Hex/Tloc       32%        N/A       11%         3
 Summon Guardian Golem    Hex/Summ       16%        N/A       11%         3
 Teleport Other           Tloc           16%        N/A       11%         3
 Tukima's Dance           Hex            16%        N/A       11%         3
 Blade Hands              Tmut           8%         N/A       71%         5
 Dispersal                Tloc           8%         N/A       99%         6
 Borgnjor's Revivificati  Necr           8%         N/A       100%        8
 Necromutation            Tmut/Necr      8%         N/A       100%        8
 Death's Door             Necr           8%         N/A       100%        9


Dungeon Overview and Level Annotations

Branches:
Dungeon (8/15) Zot: 518    Temple (0/1) D:5            Lair (3/5) D:8 Zot: 841
 Shoals (0/4) Lair:2       Spider (0/4) Lair:2        IceCv (visited)

Altars:
Cheibriados
Gozag
Hepliaklqana
Nemelex Xobeh
Ru
Sif Muna
Vehumet
Wu Jian
Xom
Yredelemnul

Shops:
D:2 [   D:3 *


Innate Abilities, Weirdness & Mutations

You passively map the area around you.
You are easily found by Zot.
You glow in the dark.
You regain HP and MP as you explore.
You have very sharp teeth.
You are strong-willed. (Will+)


Message History

The four-headed hydra barely misses you.
You feel sick.
The five-headed hydra completely misses you.
The five-headed hydra barely misses you.
The five-headed hydra closely misses you.
The five-headed hydra bites you! x2; The four-headed hydra bites you!
* * * LOW HITPOINT WARNING * * *
The four-headed hydra barely misses you.
The four-headed hydra bites you but does no damage. x2
You climb upwards.
You feel sick.
You are no longer poisoned.
There is a stone staircase leading down here.
As you read the scroll labelled ORCHIL QALOMM, it crumbles to dust.
A profound silence engulfs you.
It was a scroll of silence.
The five-headed hydra bites you but does no damage.
The five-headed hydra bites you!
* * * LOW HITPOINT WARNING * * *
The five-headed hydra misses you. The five-headed hydra bites you.
* * * LOW HITPOINT WARNING * * *
The five-headed hydra bites you but does no damage.
The four-headed hydra bites you!
* * * LOW HITPOINT WARNING * * *
The four-headed hydra bites you.
* * * LOW HITPOINT WARNING * * *
The four-headed hydra bites you but does no damage. x2
You feel much better.
The five-headed hydra bites you but does no damage. x2
The five-headed hydra misses you.
The five-headed hydra bites you but does no damage.
The five-headed hydra closely misses you.
The four-headed hydra misses you. The four-headed hydra bites you!
* * * LOW HITPOINT WARNING * * *
The four-headed hydra completely misses you.
The four-headed hydra bites you!
* * * LOW HITPOINT WARNING * * *
The five-headed hydra attacks as you move away!
The five-headed hydra misses you. The five-headed hydra bites you.
* * * LOW HITPOINT WARNING * * *
The five-headed hydra bites you!
You die...

##### ##.P.### ######## #...D.P# ###
#......### #..@D.P## ########.#
.........#####.....+.# #.........
.........#.##.^......##.....................
.........####P...................


You could see a five-headed hydra and a four-headed hydra.

Vanquished Creatures
  Erica (D:8)
  Pikel (D:8)
  Maurice (D:8)
  An ice statue (IceCv)
  4 rime drakes
  4 cane toads
  An ice devil (IceCv)
  2 anaconda simulacra (IceCv)
  3 komodo dragons (Lair:1)
  Grinder (D:5)
  3 blink frogs (Lair:2)
  7 dream sheep (Lair:3)
  3 dire elephant simulacra (IceCv)
  A basilisk (Lair:2)
  4 steam dragons
  4 death yak simulacra (IceCv)
  7 water moccasins
  Duvessa (D:5)
  5 orc warriors
  2 ice beasts (D:7)
  2 ogres
  2 black bears
  5 centaurs
  5 wolves (Lair:3)
  3 lemures (D:8)
  2 kobold brigands
  2 cane toad simulacra (IceCv)
  A gnoll sergeant (D:5)
  4 bullfrogs
  3 two-headed ogre simulacra (IceCv)
  3 scorpions
  10 wights (D:8)
  Dowan (D:5)
  3 killer bees (D:8)
  2 howler monkeys
  3 electric eels (Lair:2)
  A jelly (D:6)
  2 hounds
  A gnoll bouda (D:5)
  3 iguanas
  15 orc wizards
  3 polar bear simulacra (IceCv)
  6 troll simulacra (IceCv)
  5 spriggan simulacra (IceCv)
  A hound zombie (D:4)
  A howler monkey zombie (D:4)
  Robin (D:2)
  9 gnolls
  4 adders
  4 naga simulacra (IceCv)
  2 shadow imps
  24 white imps
  4 ufetubi (IceCv)
  A worm (D:2)
  A dart slug (D:1)
  25 orcs
  3 endoplasms
  3 giant cockroaches
  14 goblins
  7 hobgoblins
  4 jackals
  15 kobolds
  3 quokkas
  8 ball pythons
  7 bats
  5 frilled lizards
  6 rats
  A butterfly (Lair:2)
296 creatures vanquished.

Vanquished Creatures (collateral kills)
  A foxfire (Lair:1)
1 creature vanquished.

Vanquished Creatures (others)
  233 foxfires
  2 fungi
  24 plants
259 creatures vanquished.

Grand Total: 556 creatures vanquished

Notes
Turn   | Place    | Note
-------+----------+-------------------------------------------
     0 | D:1      | hawla the Meteoran Fire Elementalist began the quest for
                  | the Orb.
     0 | D:1      | Reached XP level 1. HP: 14/14 MP: 5/5
    36 | D:1      | Reached XP level 2. HP: 12/20 MP: 4/6
    98 | D:1      | Learned a level 2 spell: Scorch
   244 | D:1      | Reached skill level 3 in Spellcasting
   244 | D:1      | Reached XP level 3. HP: 26/26 MP: 0/8
   263 | D:1      | Found a faded altar of an unknown god.
   500 | D:1      | Glimpsed the power of Zot.
   550 | D:1      | Glimpsed the power of Zot.
   590 | D:1      | Glimpsed the power of Zot.
   599 | D:1      | Touched by the power of Zot.
   603 | D:2      | Found a shimmering altar of Xom.
   702 | D:2      | Reached XP level 4. HP: 20/24 MP: 4/9
   987 | D:2      | Reached skill level 5 in Fire Magic
  1083 | D:2      | Found Ubienion's Antique Armour Emporium.
  1155 | D:2      | Learned a level 4 spell: Flame Wave
  1272 | D:2      | Noticed Robin
  1285 | D:2      | Reached skill level 8 in Spellcasting
  1285 | D:2      | Reached XP level 5. HP: 27/45 MP: 1/17
  1288 | D:2      | Killed Robin
  1300 | D:2      | Glimpsed the power of Zot.
  1316 | D:3      | Reached XP level 6. HP: 53/53 MP: 14/18
  1567 | D:3      | Found Zuof Ovuw's Assorted Antiques.
  1578 | D:3      | Bought a scroll labelled GESSAES CUXU for 24 gold pieces
  1578 | D:3      | Bought a potion of curing for 72 gold pieces
  1578 | D:3      | Bought a scroll of identify for 48 gold pieces
  1890 | D:3      | Glimpsed the power of Zot.
  1919 | D:4      | Found a sacrificial altar of Ru.
  1994 | D:4      | Noticed an ogre
  2000 | D:4      | Killed an ogre
  2001 | D:4      | Reached XP level 7. HP: 62/65 MP: 17/20
  2002 | D:4      | Found an opulent altar of Gozag.
  2002 | D:4      | Found a radiant altar of Vehumet.
  2007 | D:4      | Found a hazy altar of Hepliaklqana.
  2011 | D:4      | Became a worshipper of Vehumet
  2030 | D:4      | Reached skill level 9 in Spellcasting
  2394 | D:4      | Found a basalt altar of Yredelemnul.
  2445 | D:5      | Entered Level 5 of the Dungeon
  2470 | D:5      | Noticed Duvessa
  2475 | D:5      | Noticed Dowan
  2477 | D:5      | Killed Duvessa
  2478 | D:5      | Reached XP level 8. HP: 69/73 MP: 12/22
  2480 | D:5      | Killed Dowan
  2483 | D:5      | Found a staircase to the Ecumenical Temple.
  2530 | D:5      | Found a sparkling altar of Nemelex Xobeh.
  2579 | D:5      | Noticed Grinder
  2587 | D:5      | Killed Grinder
  2612 | D:5      | Reached * piety under Vehumet
  2612 | D:5      | Offered knowledge of Shock by Vehumet.
  2641 | D:5      | Reached skill level 10 in Spellcasting
  2673 | D:5      | Gained mutation: You passively map the area around you.
                  | [Meteoran growth]
  2673 | D:5      | Reached XP level 9. HP: 34/79 MP: 20/24
  3091 | D:5      | Glimpsed the power of Zot.
  3116 | D:6      | Reached skill level 11 in Spellcasting
  3692 | D:6      | Glimpsed the power of Zot.
  3717 | D:6      | Reached XP level 10. HP: 60/86 MP: 19/26
  3742 | D:6      | Glimpsed the power of Zot.
  3782 | D:6      | Glimpsed the power of Zot.
  3792 | D:6      | Touched by the power of Zot.
  3886 | D:7      | Reached ** piety under Vehumet
  3932 | D:7      | Offered knowledge of Sandblast by Vehumet.
  4013 | D:7      | Found a shimmering blue altar of Sif Muna.
  4187 | D:8      | Noticed Maurice
  4191 | D:8      | Killed Maurice
  4196 | D:8      | Offered knowledge of Stone Arrow by Vehumet.
  4208 | D:8      | Reached skill level 12 in Spellcasting
  4208 | D:8      | Reached *** piety under Vehumet
  4241 | D:8      | Reached skill level 10 in Fire Magic
  4325 | D:8      | Reached XP level 11. HP: 92/92 MP: 17/28
  4354 | D:8      | Found a snail-covered altar of Cheibriados.
  4364 | D:8      | Noticed Pikel
  4425 | D:8      | Killed Pikel
  4459 | D:8      | Offered knowledge of Sticky Flame by Vehumet.
  4537 | D:8      | Found a staircase to the Lair.
  4593 | D:8      | Found an ornate altar of the Wu Jian Council.
  4610 | D:8      | Noticed Erica
  4619 | D:8      | Killed Erica
  4627 | D:8      | Learned a level 4 spell: Sticky Flame
  4676 | Lair:1   | Entered Level 1 of the Lair of Beasts
  4729 | Lair:1   | Reached skill level 13 in Spellcasting
  4807 | Lair:1   | Reached skill level 1 in Long Blades
  4901 | Lair:1   | You fall into a shaft and drop 1 floor!
  4928 | Lair:2   | Reached skill level 5 in Dodging
  4928 | Lair:2   | Reached XP level 12. HP: 44/100 MP: 8/30
  5098 | Lair:2   | Found a frozen archway.
  5106 | Lair:2   | Reached **** piety under Vehumet
  5113 | Lair:2   | Offered knowledge of Frozen Ramparts by Vehumet.
  5122 | IceCv    | Entered an ice cave
  5252 | IceCv    | Reached skill level 14 in Spellcasting
  5372 | IceCv    | Noticed a reaper
  5377 | IceCv    | Reached ***** piety under Vehumet
  5377 | IceCv    | Offered knowledge of Fireball by Vehumet.
  5599 | Lair:2   | Gained mutation: You expend magic power (3 MP) to
                  | strengthen your wands. [potion of mutation]
  5599 | Lair:2   | Gained mutation: You occasionally lose the ability to read
                  | scrolls when taking damage. [potion of mutation]
  5600 | Lair:2   | Lost mutation: You occasionally lose the ability to read
                  | scrolls when taking damage. [potion of mutation]
  5600 | Lair:2   | Lost mutation: You expend magic power (3 MP) to strengthen
                  | your wands. [potion of mutation]
  5600 | Lair:2   | Gained mutation: You have very sharp teeth. [potion of
                  | mutation]
  5600 | Lair:2   | Gained mutation: You are strong-willed. (Will+) [potion of
                  | mutation]
  5621 | Lair:2   | Found a staircase to the Shoals.
  5810 | Lair:2   | Found a hole to the Spider Nest.
  6079 | Lair:3   | Noticed a five-headed hydra
  6083 | Lair:3   | Noticed a five-headed hydra
  6092 | Lair:2   | HP: 2/101 [four-headed hydra (5)]
  6095 | Lair:2   | Slain by a five-headed hydra

Illustrated notes

Levels and vault maps discovered:
D:1:      wander_arrival_desolate, layout_basic, serial_curves, eino_curves_01,
          eino_curves_02, hellmonk_ecumenical_altar_defaced_shrine,
          minmay_hexomino_f4
D:2:      layout_basic, basic_altar, serial_shops, shop_fountains,
          minmay_indecisive_spiral, uniq_robin
D:3:      cheibrodos_thug_alley, layout_loops_ring, serial_shops, shop
D:4:      layout_basic, mainiacjoe_overflow_catwalk, grunt_temple_overflow_open,
          lemuel_zombie_altar_yredelemnul
D:5:      layout_loops_ring, lemuel_crystal_altar, minmay_temple_entry_tees,
          nicolae_grassy_gnolls, uniq_grinder, uniq_duvessa
D:6:      layout_basic, minmay_misc_feat_alley
D:7:      layout_rooms, lemuel_blue_sif_altar, chequers_serial_rivers_micro_c
D:8:      layout_rooms, kennysheep_mini_moat,
          mainiacjoe_overflow_six_doors_small, lair_entry_dummy, uniq_maurice,
          uniq_erica, uniq_pikel
Lair:1:   layout_loops_ring, beast_lair_carwin_7
Lair:2:   layout_roguey, minmay_shoals_entry_centaurs,
          spider_nest_entry_web_field, portal_ice_cave_entry_imps,
          serial_bayou_ford_a, chequers_serial_rivers_micro_e,
          lemuel_fruit_fields
Lair:3:   layout_hall_layers, gauntlet_entry_generic, grunt_megastairs_4,
          infiniplex_staircase_pool, uniq_josephine

Skill      XL: |  1  2  3  4  5  6  7  8  9 10 11 12 |
---------------+-------------------------------------+-----
Fire Magic     | 4 5 6 7 8 10 11 13 | 13.0
Spellcasting   | 3 8 9 10 11 12 13 14 | 14.8
Fighting       | 7 |  7.6
Conjurations   | 8 9 |  9.8
Dodging        | 3 4 5 |  5.5
Long Blades    | 2 |  2.7
Stealth        | |  1.4

Action                   |  1- 3 |  4- 6 |  7- 9 | 10-12 || total
-------------------------+-------+-------+-------+-------++-------
Melee: Unarmed           |    13 |    11 |    24 |    19 ||    67
       Punch             |     1 |       |       |       ||     1
       Scimitar          |       |       |       |    12 ||    12
 Cast: Foxfire           |    25 |    19 |    36 |    59 ||   139
       Scorch            |    18 |    29 |    54 |    73 ||   174
       Flame Wave        |       |     3 |    11 |    46 ||    60
       Sticky Flame      |       |       |       |    13 ||    13
  Use: Scroll            |     6 |     6 |     7 |    12 ||    31
       Potion            |       |     4 |     2 |     7 ||    13
Armor: Robe              |     6 |    13 |    17 |       ||    36
       Steam dragon scal |       |       |     1 |    58 ||    59
       Skin              |       |       |       |     1 ||     1
Dodge: Dodged            |    21 |    29 |    56 |   161 ||   267
